 Dungeon Crawl Stone Soup version 0.17-a0-491-gbd49765 (webtiles) character file.

12322 inmateoo the Grappler (level 11, -4/72 HPs)
             Began as a Gargoyle Monk on Apr 10, 2015.
             Was a High Priest of Cheibriados.
             Slain by a balrug
             ... wielding a +1 demon whip of freezing
              (16 damage)
             ... on level 1 of the Abyss.
             The game lasted 00:21:44 (11060 turns).

inmateoo the Grappler (Gargoyle Monk)              Turns: 11060, Time: 00:21:44

Health: -4/72      AC: 14    Str: 38    XL:     11   Next: 91%
Magic:  11/11      EV: 19    Int: 27    God:    Cheibriados [*****.]
Gold:   596        SH:  8    Dex: 23    Spells: 0 memorised, 10 levels left

rFire  . . .     SeeInvis .       - Unarmed
rCold  + . .     Clarity  .     h - +0 ring mail
rNeg   + . .     SustAb   .     x - +1 buckler {rPois}
rPois  ∞         Gourm    .     r - +0 hat
rElec  +         Spirit   .     (no cloak)
rCorr  .         Warding  .     a - +0 pair of gloves (curse)
rMut   .         NoTele   +     t - +0 pair of boots
MR     +....                    w - amulet of regeneration
Stlth  ++........               L - +3 ring of intelligence
                                D - ring of Hami {-Tele rElec rPois Str+11 Int-2} (curse)

@: very slow, somewhat resistant to hostile enchantments, unstealthy
A: hooves 1, cold resistance 1, magic resistance 1, negative energy resistance
1, electricity resistance, strong 1, unbreathing, petrification resistance, rot
immunity, AC +7
a: Bend Time, Temporal Distortion, Slouch, Step From Time, Renounce Religion


You were on level 1 of the Abyss.
You worshipped Cheibriados.
Cheibriados was extremely pleased with you.
You were hungry.

You visited 2 branches of the dungeon, and saw 12 of its levels.
You visited the Abyss 1 time.
You also visited: Sewer and Ossuary.

You collected 638 gold pieces.
You spent 42 gold pieces at shops.

Inventory:

Armour
 a - a cursed +0 pair of gloves (worn)
 h - a +0 ring mail (worn)
 r - a +0 hat (worn)
 t - a +0 pair of boots (worn)
 x - a +1 buckler of poison resistance (worn)
 T - a cursed +0 shield
Jewellery
 l - an uncursed amulet of guardian spirit
 s - an uncursed ring of fire {unknown}
 w - an amulet of regeneration (around neck)
 D - the cursed ring of Hami (left hand) {-Tele rElec rPois Str+11 Int-2}
   (You found it on level 6 of the Dungeon)

   [ring of intelligence]

   It affects your strength (+11).
   It affects your intelligence (-2).
   It insulates you from electricity.
   It protects you from poison.
   It prevents most forms of teleportation.
   It has a curse placed upon it.
 E - an uncursed amulet of stasis {unknown}
 L - a +3 ring of intelligence (right hand)
 N - an uncursed ring of protection from magic {unknown}
 Q - an uncursed amulet of the gourmand {unknown}
 R - an uncursed ring of sustain abilities {unknown}
Magical devices
 F - a wand of enslavement (7)
 J - a wand of fireball (3)
 K - a wand of cold (9)
 M - a wand of disintegration (13)
 O - a wand of enslavement (0)
 P - a wand of flame (38)
Scrolls
 d - 2 scrolls of immolation
 g - 9 scrolls of remove curse
 m - 10 scrolls of teleportation
 y - 3 scrolls of blinking
 I - a scroll of recharging
 S - 2 scrolls of enchant armour {unknown}
Potions
 c - 2 potions of restore abilities
 e - a potion of magic
 f - 3 potions of flight
 i - 2 potions of cancellation {unknown}
 j - 9 potions of curing
 n - a potion of resistance
 o - 2 potions of haste {unknown}
 p - 5 potions of poison {unknown}
 v - 3 potions of ambrosia
 z - a potion of invisibility
 A - a potion of lignification
 B - 3 potions of brilliance
Books
 u - a book of Burglary

   Spells                             Type                      Level
   a - Swiftness                      Charms/Air                   2
   b - Passwall                       Transmutation/Earth          3
   c - Passage of Golubria            Translocation                4
   d - Lee's Rapid Deconstruction     Earth                        5
   e - Invisibility                   Hexes                        6
   f - Darkness                       Hexes                        7
Comestibles
 b - 5 bread rations
 k - 9 fruits
 q - 3 beef jerkies
 C - 4 meat rations
 H - 11 royal jellies


   Skills:
 + Level 10.2 Fighting
 + Level 7.8 Dodging
 - Level 2.1 Stealth
 + Level 7.9 Shields
 * Level 12.4 Unarmed Combat
 * Level 0.0 Invocations


You had 10 spell levels left.
You didn't know any spells.

Dungeon Overview and Level Annotations

Branches:
Dungeon (11/15)            Temple (1/1) D:7            Lair (0/8) D:10
    Orc (0/4) D:10

Altars:
Ashenzari
Cheibriados
Dithmenos
Elyvilon
Gozag
Kikubaaqudgha
Makhleb
Nemelex Xobeh
Okawaru
Qazlal
Xom
Yredelemnul
Zin
The Shining One

Shops:
D:6 *

Annotations:
D:11 Harold


Innate Abilities, Weirdness & Mutations

You are resistant to torment.
Your stone body is resilient (AC +7).
You are immune to poison.
You resist negative energy.
You are resistant to electric shocks.
You can survive without breathing.
You are immune to petrification.
You are immune to rotting.
You have large cloven feet.
Your flesh is cold resistant.
You are resistant to hostile enchantments.
Your muscles are strong. (Str +2)


Message History

You feel much better.
You miss the balrug.
Unknown command.
You hit the balrug.
The balrug is lightly wounded.
The balrug hits you but does no damage.
Unknown command.
You punch the balrug!
The balrug is lightly wounded.
The balrug gestures at you. The bolt of fire hits you!
* * * LOW HITPOINT WARNING * * *
Unknown command.
Unknown command.
You punch the balrug!
The balrug is moderately wounded.
The balrug hits you with a demon whip of freezing!
* * * LOW HITPOINT WARNING * * *
You are engulfed in flames!
You die...

### .# ####....
# .## ###.... .#
#.# .. ## #... .
.. #.# .#
#..........#
.#.#.## #.....
##..
....#...###...#.
##.
#.....#2..§.#.##
#. #..@#..§..##
#. #..##.
.#......#. #....
#....#... #.
##... #R##.#.
... # ###. §..
.#.##. ##.R## .#
. .# .. #. .#


You could see a balrug.

Vanquished Creatures
  Sonja (D:10)
  The ghost of Aijf the Grappler, an experienced DrTm of Makhleb (D:9)
  An unseen horror (D:10)
  A hill giant (D:10)
  Pikel (D:9)
  An orc knight (D:10)
  2 spiny frogs (D:10)
  The ghost of inmateoo the Ruffian, an experienced GrMo (D:5)
  A troll (D:9)
  A slime creature (D:9)
  A blink frog (D:10)
  6 flying skulls (Abyss:1)
  A yak (D:10)
  A hippogriff (D:10)
  2 soldier ants (D:8)
  A spider (D:8)
  4 phantoms
  4 slaves (D:9)
  A black bear (D:9)
  2 necrophages (D:8)
  3 ice beasts
  6 orc warriors
  10 ogres
  6 centaurs
  5 giant frogs
  Blork the orc (D:4)
  A big kobold (D:7)
  11 killer bees
  4 scorpions
  3 bog bodies (Ossuary)
  4 crimson imps
  3 centaur zombies (Ossuary)
  3 giant frog zombies (Ossuary)
  6 jellies
  A goliath beetle (D:10)
  2 hounds
  15 orc wizards
  A giant frog skeleton (D:9)
  Crazy Yiuf (D:5)
  7 orc priests
  Jessica (D:2)
  An iguana (D:4)
  11 worker ants
  2 hound zombies (Ossuary)
  10 mummies
  A hound skeleton (D:4)
  4 worker ant zombies (Ossuary)
  A river rat (D:3)
  A gnoll (D:1)
  3 shadow imps
  14 adders
  9 worms
  3 adder skeletons
  7 giant geckos
  19 oozes
  33 orcs
  4 ball pythons
  7 bat zombies
  8 giant cockroaches
  17 goblins
  13 hobgoblins
  12 jackals
  19 kobolds
  2 quokkas
  11 bats
  A giant cockroach zombie (Ossuary)
  A giant gecko zombie (Ossuary)
  6 giant newts
  A jackal skeleton (D:4)
  2 jackal zombies (Ossuary)
  An orc zombie (D:7)
  A quokka skeleton (D:4)
  2 quokka zombies
  53 rats
408 creatures vanquished.

Vanquished Creatures (collateral kills)
  An orc warrior (D:10)
  An orc (D:10)
2 creatures vanquished.

Vanquished Creatures (others)
  An orc (D:10)
  4 fungi (D:9)
  A plant (Ossuary)
6 creatures vanquished.

Grand Total: 416 creatures vanquished

Notes
Turn   | Place    | Note
--------------------------------------------------------------
     0 | D:1      | inmateoo, the Gargoyle Monk, began the quest for the Orb.
     0 | D:1      | Reached XP level 1. HP: 14/14 MP: 1/1
    92 | D:1      | Reached XP level 2. HP: 19/19 MP: 2/2
   169 | D:1      | Found a sparkling altar of Nemelex Xobeh.
   325 | D:1      | Reached XP level 3. HP: 1/23 MP: 3/3
  1158 | D:2      | Reached XP level 4. HP: 26/29 MP: 4/4
  1722 | D:2      | Noticed Jessica
  1732 | D:2      | Killed Jessica
  1732 | D:2      | Reached skill level 5 in Unarmed Combat
  1768 | D:2      | Reached XP level 5. HP: 33/33 MP: 5/5
  2450 | D:3      | Found a sparkling altar of Nemelex Xobeh.
  2450 | D:3      | Found a glowing golden altar of the Shining One.
  2496 | D:3      | Found a shattered altar of Ashenzari.
  2618 | D:3      | Reached XP level 6. HP: 39/39 MP: 6/6
  2876 | D:3      | Found a glowing drain.
  2880 | Sewer    | Entered a sewer
  2900 | Sewer    | Reached skill level 6 in Unarmed Combat
  4044 | D:3      | Found an iron altar of Okawaru.
  4165 | D:4      | Found a sand-covered staircase.
  4204 | Ossuary  | Entered an ossuary
  4218 | Ossuary  | HP: 1/39 [decayed bog body (14)]
  4222 | Ossuary  | Reached XP level 7. HP: 35/44 MP: 0/7
  4257 | Ossuary  | HP: 1/44 [decayed bog body (16)]
  4284 | Ossuary  | Reached skill level 5 in Fighting
  4388 | Ossuary  | Reached skill level 7 in Unarmed Combat
  4762 | Ossuary  | Reached XP level 8. HP: 50/50 MP: 8/8
  4788 | Ossuary  | Identified a scroll of acquirement
  4923 | D:4      | Found a shadowy altar of Dithmenos.
  4951 | D:4      | Reached skill level 1 in Shields
  5278 | D:4      | Reached skill level 8 in Unarmed Combat
  5302 | D:4      | Noticed Blork the orc
  5315 | D:4      | Killed Blork the orc
  5434 | D:4      | Gained mutation: You have large cloven feet. [potion of mutation]
  5434 | D:4      | Gained mutation: Your muscles are strong. (Str +2) [potion of mutation]
  5434 | D:4      | Gained mutation: You are resistant to hostile enchantments. [potion of mutation]
  5626 | D:5      | Entered Level 5 of the Dungeon
  5638 | D:5      | Reached skill level 5 in Dodging
  5669 | D:5      | Noticed inmateoo's ghost (experienced GrMo)
  5702 | D:5      | Killed inmateoo's ghost
  5749 | D:5      | Reached XP level 9. HP: 47/56 MP: 9/9
  5792 | D:5      | Noticed Crazy Yiuf
  5799 | D:5      | Killed Crazy Yiuf
  5804 | D:5      | Got a faintly glowing hammer
  5805 | D:5      | Identified the cursed +1 hammer of the Trees {drain, Dex+7} (You found it on level 5 of the Dungeon)
  6058 | D:5      | Reached skill level 9 in Unarmed Combat
  6376 | D:6      | Found Qagurida's General Store.
  6388 | D:6      | Bought a potion of curing for 42 gold pieces
  6593 | D:6      | Got a transparent turquoise ring
  6595 | D:6      | Identified the cursed ring of Hami {-Tele rElec rPois Str+11 Int-2} (You found it on level 6 of the Dungeon)
  6703 | D:6      | Found a burning altar of Makhleb.
  6704 | D:6      | Found a glowing silver altar of Zin.
  6704 | D:6      | Noticed an angel
  6705 | D:6      | Noticed an Executioner
  7172 | D:7      | Found a shattered altar of Ashenzari.
  7504 | D:7      | Reached XP level 10. HP: 60/64 MP: 10/10
  7506 | D:7      | Reached skill level 5 in Shields
  7586 | D:7      | Gained mutation: Your flesh is cold resistant. [potion of beneficial mutation]
  7657 | D:7      | Reached skill level 10 in Unarmed Combat
  7746 | D:7      | Found a staircase to the Ecumenical Temple.
  8248 | D:8      | Found a white marble altar of Elyvilon.
  8683 | Temple   | Entered the Ecumenical Temple
  8741 | Temple   | Became a worshipper of Cheibriados the Contemplative
  8741 | Temple   | Acquired Cheibriados's first power
  8844 | D:9      | Found a basalt altar of Yredelemnul.
  8950 | D:9      | Noticed Pikel
  8973 | D:9      | Killed Pikel
  9239 | D:9      | Acquired Cheibriados's second power
  9535 | D:9      | Noticed Aijf's ghost (experienced DrTm)
  9560 | D:9      | Killed Aijf's ghost
  9560 | D:9      | Reached skill level 11 in Unarmed Combat
  9658 | D:9      | Reached XP level 11. HP: 71/71 MP: 11/11
 10105 | D:10     | Entered Level 10 of the Dungeon
 10264 | D:10     | Noticed Sonja
 10279 | D:10     | Killed Sonja
 10327 | D:10     | Acquired Cheibriados's third power
 10371 | D:10     | Found a staircase to the Orcish Mines.
 10494 | D:10     | Noticed a hill giant
 10502 | D:10     | Killed a hill giant
 10695 | D:10     | Found a staircase to the Lair.
 10720 | D:10     | Reached skill level 12 in Unarmed Combat
 10755 | D:11     | Noticed an orc knight
 10756 | D:11     | Noticed a wizard
 10756 | D:11     | Acquired Cheibriados's fourth power
 10846 | D:10     | Killed an unseen horror
 10846 | D:10     | Reached skill level 10 in Fighting
 10890 | D:11     | Noticed Harold
 10900 | D:10     | Killed an orc knight
 10941 | D:11     | Cast into the Abyss (a wizard)
 11052 | Abyss:1  | Noticed a balrug
 11060 | Abyss:1  | Slain by a balrug

Action                   |  1- 3 |  4- 6 |  7- 9 | 10-12 || total
-------------------------+-------+-------+-------+-------++-------
Melee: Unarmed           |   101 |   526 |   671 |   531 ||  1829
       Hammer            |       |       |     6 |       ||     6
Evoke: Wand              |       |       |       |     5 ||     5
  Use: Scroll            |     2 |     9 |     8 |     5 ||    24
       Potion            |       |     2 |     6 |     2 ||    10
 Stab: Sleeping          |     2 |     2 |     1 |     4 ||     9
  Eat: Chunk             |     1 |    10 |    11 |     9 ||    31
       Pizza             |       |       |     1 |     2 ||     3
